3AA
ATLANTIC CITY SONICS @ GLENDALE HERONS
08/07/2028
 
TOP OF THE 1ST
Atlantic City Sonics batting - Pitching for Glendale Herons : LHP Yoriyoshi Yoshimura
Pitching: LHP Yoriyoshi Yoshimura
Batting: LHB Juan Ledezma 0-0: Foul Ball, location: 2F
0-1: Called Strike
0-2: Fly out, F8 (Flyball, 8LD)
Batting: LHB Todd Blankenburg 0-0: Ground out 5-3 (Groundball, 5)
Batting: RHB Phil Moore 0-0: Fly out, F2 (Popup, 3S)
Top of the 1st over - 0 run(s), 0 hit(s), 0 error(s), 0 left on base; Atlantic City 0 - Glendale 0
BOTTOM OF THE 1ST
Glendale Herons batting - Pitching for Atlantic City Sonics : RHP Alfredo Muñóz
Pitching: RHP Alfredo Muñóz
Batting: RHB Salvador Bueno 0-0: Foul Ball, location: 2F
0-1: Foul Ball, location: 2F
0-2: Foul Ball, location: 2F
0-2: Ball
1-2: Ball
2-2: Strikes out looking
Batting: RHB Álex Cordero 0-0: SOLO HOME RUN (Flyball, 7D), Distance : 370 ft
Batting: LHB Jin-song Seah 0-0: Called Strike
0-1: Fly out, F7 (Line Drive, 7)
Batting: RHB Claudio Tappen 0-0: Called Strike
0-1: Ball
1-1: Called Strike
1-2: Ball
2-2: Foul Ball, location: 2F
2-2: SINGLE (Flyball, 6MD)
Batting: LHB Jerry Wilson 0-0: Ball
1-0: Called Strike
1-1: Ball
2-1: Ball
3-1: Foul Ball, location: 2F
3-2: Foul Ball, location: 2F
3-2: Ground out 5-3 (Groundball, 56S)
Bottom of the 1st over - 1 run(s), 2 hit(s), 0 error(s), 1 left on base; Atlantic City 0 - Glendale 1
TOP OF THE 2ND
Atlantic City Sonics batting - Pitching for Glendale Herons : LHP Yoriyoshi Yoshimura
Batting: RHB Dam Son 0-0: Foul Ball, location: 2F
0-1: Swinging Strike
0-2: Foul Ball, location: 2F
0-2: Ball
1-2: Ball
2-2: Fly out, F6 (Line Drive, 6)
Batting: LHB José Cordero 0-0: SINGLE (Groundball, 6MD)
Batting: LHB Ward Wilberfoss 0-0: Called Strike
0-1: Swinging Strike
0-2: Foul Ball, location: 2F
0-2: Ball
1-2: Ground out 4-3 (Groundball, 34)
José Cordero to second
Batting: RHB Eddie McDoom 0-0: Ball
1-0: Called Strike
1-1: Swinging Strike
1-2: Foul Ball, location: 2F
1-2: Ball
2-2: Foul Ball, location: 2F
2-2: Ball
3-2: Ground out 5-3 (Groundball, 56)
Top of the 2nd over - 0 run(s), 1 hit(s), 0 error(s), 1 left on base; Atlantic City 0 - Glendale 1
BOTTOM OF THE 2ND
Glendale Herons batting - Pitching for Atlantic City Sonics : RHP Alfredo Muñóz
Batting: RHB Héctor Moreno 0-0: Ball
1-0: Called Strike
1-1: SINGLE (Flyball, 89S)
Batting: SHB Yun-qi Chien 0-0: Fielders Choice at 2nd, 5-4 (Groundball, 5)
Batting: SHB Pedro Vásquez 0-0: Ball
1-0: Called Strike
1-1: Ball
2-1: Swinging Strike
2-2: Ball
3-2: Fly out, F6 (Line Drive, 6)
Batting: RHB Takechi Okubo 0-0: Swinging Strike
0-1: Ball
1-1: Ball
Yun-qi Chien steals 2nd base
2-1: Ball
3-1: Called Strike
3-2: Foul Ball, location: 2F
3-2: SINGLE (Line Drive, 4MD)
Yun-qi Chien to third
Yun-qi Chien scores
Batting: RHB Salvador Bueno 0-0: Ball
1-0: Ball
2-0: Fly out, F2 (Popup, 15)
Bottom of the 2nd over - 1 run(s), 2 hit(s), 0 error(s), 1 left on base; Atlantic City 0 - Glendale 2
TOP OF THE 3RD
Atlantic City Sonics batting - Pitching for Glendale Herons : LHP Sammy Nash
Pitching: LHP Sammy Nash
Batting: RHB David Wooderson 0-0: Bunt for hit - play at first, batter safe!
Batting: RHB José Rodríguez 0-0: Ball
1-0: Ball
2-0: Called Strike
2-1: Ball
3-1: Fly out, F9 (Flyball, 9S)
Batting: LHB Juan Ledezma 0-0: Fly out, F7 (Line Drive, 7)
Batting: LHB Todd Blankenburg 0-0: Foul Ball, location: 2F
0-1: SINGLE (Flyball, 78S)
David Wooderson to second
Batting: RHB Phil Moore 0-0: Ball
1-0: Ball
2-0: Called Strike
2-1: Fielders Choice at 2nd, 5-4 (Groundball, 56)
Top of the 3rd over - 0 run(s), 2 hit(s), 0 error(s), 1 left on base; Atlantic City 0 - Glendale 2
BOTTOM OF THE 3RD
Glendale Herons batting - Pitching for Atlantic City Sonics : RHP Alfredo Muñóz
Batting: RHB Álex Cordero 0-0: Ground out 1-3 (Groundball, 15)
Batting: LHB Jin-song Seah 0-0: Ball
1-0: Called Strike
1-1: DOUBLE (Groundball, 3L)
Batting: RHB Claudio Tappen 0-0: Called Strike
0-1: Fly out, F3 (Flyball, 3D)
Batting: LHB Jerry Wilson 0-0: Ball
1-0: Called Strike
1-1: Foul Ball, location: 2F
1-2: Foul Ball, location: 2F
1-2: Ball
Wild Pitch!
Jin-song Seah to third
2-2: Foul Ball, location: 2F
2-2: Fly out, F8 (Flyball, 8LM)
Bottom of the 3rd over - 0 run(s), 1 hit(s), 0 error(s), 1 left on base; Atlantic City 0 - Glendale 2
TOP OF THE 4TH
Atlantic City Sonics batting - Pitching for Glendale Herons : LHP Sammy Nash
Batting: RHB Dam Son 0-0: Called Strike
0-1: Ball
1-1: SINGLE (Groundball, 4MD) (infield hit)
Batting: LHB José Cordero 0-0: Ball
1-0: Fly out, F8 (Flyball, 78M)
Batting: LHB Ward Wilberfoss 0-0: Called Strike
0-1: Ball
1-1: SINGLE (Line Drive, 8LS)
Dam Son to second
Batting: RHB Eddie McDoom 0-0: Ball
1-0: Grounds into double play, 6-4-3 (Groundball, 6)
Top of the 4th over - 0 run(s), 2 hit(s), 0 error(s), 1 left on base; Atlantic City 0 - Glendale 2
BOTTOM OF THE 4TH
Glendale Herons batting - Pitching for Atlantic City Sonics : RHP Alfredo Muñóz
Batting: RHB Héctor Moreno 0-0: Ball
1-0: Ball
2-0: Ball
3-0: Called Strike
3-1: Base on Balls
Batting: SHB Yun-qi Chien 0-0: Foul Ball, location: 2F
0-1: Ball
1-1: Ball
2-1: Fly out, F7 (Line Drive, 7LM)
Batting: SHB Pedro Vásquez 0-0: Fly out, F7 (Flyball, 7)
Batting: RHB Takechi Okubo 0-0: Foul Ball, location: 2F
0-1: Ball
1-1: SINGLE (Groundball, 6MD)
Héctor Moreno to second
Runner from 2nd tries for 3rd, SAFE, throw made to third
Batting: RHB Salvador Bueno 0-0: Called Strike
0-1: 3-RUN HOME RUN (Flyball, 8RXD), Distance : 432 ft
Batting: RHB Álex Cordero 0-0: Foul Ball, location: 2F
0-1: Fly out, F8 (Flyball, 8RM)
Bottom of the 4th over - 3 run(s), 2 hit(s), 0 error(s), 0 left on base; Atlantic City 0 - Glendale 5
TOP OF THE 5TH
Atlantic City Sonics batting - Pitching for Glendale Herons : LHP Sammy Nash
Batting: RHB David Wooderson 0-0: Fly out, F8 (Flyball, 8RM)
Batting: RHB José Rodríguez 0-0: Swinging Strike
0-1: Called Strike
0-2: Ball
1-2: Strikes out swinging
Batting: LHB Juan Ledezma 0-0: Ball
1-0: Foul Ball, location: 2F
1-1: DOUBLE (Flyball, 7LM)
Batting: LHB Todd Blankenburg 0-0: Ball
1-0: Called Strike
1-1: Ball
2-1: Ball
3-1: Base on Balls
Batting: RHB Phil Moore 0-0: Ball
1-0: Ball
Wild Pitch!
Juan Ledezma to third
Todd Blankenburg to second
2-0: Called Strike
2-1: Fly out, F5 (Line Drive, 5)
Top of the 5th over - 0 run(s), 1 hit(s), 0 error(s), 2 left on base; Atlantic City 0 - Glendale 5
BOTTOM OF THE 5TH
Glendale Herons batting - Pitching for Atlantic City Sonics : RHP Alfredo Muñóz
Batting: LHB Jin-song Seah 0-0: Ball
1-0: Ground out 6-3 (Groundball, 6)
Batting: RHB Claudio Tappen 0-0: Ball
1-0: Called Strike
1-1: Fly out, F8 (Flyball, 8RS)
Batting: LHB Jerry Wilson 0-0: Ball
1-0: Swinging Strike
1-1: Ball
2-1: SINGLE (Groundball, 34D)
Batting: RHB Héctor Moreno 0-0: Ball
1-0: Foul Ball, location: 2F
1-1: Swinging Strike
1-2: Strikes out swinging
Bottom of the 5th over - 0 run(s), 1 hit(s), 0 error(s), 1 left on base; Atlantic City 0 - Glendale 5
TOP OF THE 6TH
Atlantic City Sonics batting - Pitching for Glendale Herons : LHP Sammy Nash
Batting: RHB Dam Son 0-0: Ball
1-0: Foul Ball, location: 2F
1-1: Ball
2-1: Foul Ball, location: 2F
2-2: Fly out, F8 (Line Drive, 8LD)
Batting: LHB José Cordero 0-0: Swinging Strike
0-1: Swinging Strike
0-2: Ball
1-2: Strikes out swinging
Batting: LHB Ward Wilberfoss 0-0: Ball
1-0: Called Strike
1-1: Foul Ball, location: 2F
1-2: Ball
2-2: Ball
3-2: Foul Ball, location: 2F
3-2: Fly out, F8 (Flyball, 78M)
Top of the 6th over - 0 run(s), 0 hit(s), 0 error(s), 0 left on base; Atlantic City 0 - Glendale 5
BOTTOM OF THE 6TH
Glendale Herons batting - Pitching for Atlantic City Sonics : RHP Alfredo Muñóz
Pitching: RHP Phil Durán
Batting: SHB Yun-qi Chien 0-0: Ball
1-0: Ball
2-0: Ball
3-0: Called Strike
3-1: Base on Balls
Batting: SHB Pedro Vásquez 0-0: Fielders Choice at 2nd, 1-6 (Groundball, 13)
Batting: RHB Takechi Okubo 0-0: Called Strike
Pedro Vásquez steals 2nd base
0-1: Called Strike
0-2: Ball
1-2: Ball
2-2: Fly out, F8 (Line Drive, 8LD)
Runner from 2nd tags up, SAFE at 3rd with throw
Batting: RHB Salvador Bueno 0-0: Ball
1-0: Ground out 5-3 (Groundball, 5L)
Bottom of the 6th over - 0 run(s), 0 hit(s), 0 error(s), 1 left on base; Atlantic City 0 - Glendale 5
TOP OF THE 7TH
Atlantic City Sonics batting - Pitching for Glendale Herons : LHP Sammy Nash
Pitching: RHP David Davis
Batting: RHB Eddie McDoom 0-0: Swinging Strike
0-1: Called Strike
0-2: Foul Ball, location: 2F
0-2: Ball
1-2: Ball
2-2: Ball
3-2: Strikes out swinging
Batting: RHB David Wooderson 0-0: Called Strike
0-1: Swinging Strike
0-2: Foul Ball, location: 2F
0-2: Strikes out looking
Batting: RHB José Rodríguez 0-0: Ball
1-0: Ground out 4-3 (Groundball, 4)
Top of the 7th over - 0 run(s), 0 hit(s), 0 error(s), 0 left on base; Atlantic City 0 - Glendale 5
BOTTOM OF THE 7TH
Glendale Herons batting - Pitching for Atlantic City Sonics : RHP Phil Durán
Batting: RHB Álex Cordero 0-0: Called Strike
0-1: Called Strike
0-2: Ball
1-2: Foul Ball, location: 2F
1-2: Ball
2-2: Foul Ball, location: 2F
2-2: Strikes out swinging
Batting: LHB Jin-song Seah 0-0: Ball
1-0: Ball
2-0: Ball
3-0: Called Strike
3-1: Swinging Strike
3-2: Fly out, F9 (Flyball, 9S)
Batting: RHB Claudio Tappen 0-0: Ball
1-0: Called Strike
1-1: Foul Ball, location: 2F
1-2: Ball
2-2: Ball
3-2: Ground out 6-3 (Groundball, 6)
Bottom of the 7th over - 0 run(s), 0 hit(s), 0 error(s), 0 left on base; Atlantic City 0 - Glendale 5
TOP OF THE 8TH
Atlantic City Sonics batting - Pitching for Glendale Herons : RHP David Davis
Now at SS: Jesús Herrera
Batting: LHB Juan Ledezma 0-0: Ball
1-0: Ball
2-0: Foul Ball, location: 2F
2-1: Ground out 4-3 (Groundball, 4)
Batting: LHB Todd Blankenburg 0-0: Ball
1-0: Ball
2-0: Ball
3-0: Called Strike
3-1: Called Strike
3-2: SINGLE (Groundball, 4D)
Batting: RHB Phil Moore 0-0: SINGLE (Groundball, 6) (infield hit)
Todd Blankenburg to second
Batting: RHB Dam Son 0-0: Foul Ball, location: 2F
0-1: SINGLE (Line Drive, 8LS)
Todd Blankenburg to third
Phil Moore to second
Pitching: RHP Ted Thompson
Batting: LHB José Cordero 0-0: Called Strike
0-1: Fly out, F9 (Flyball, 9)
Runner from 3rd tags up, SCORES, no throw
Batting: LHB Ward Wilberfoss 0-0: Ball
1-0: 3-RUN HOME RUN (Flyball, 89XD), Distance : 420 ft
Batting: RHB Eddie McDoom 0-0: Ball
1-0: Foul Ball, location: 2F
1-1: Ball
2-1: Called Strike
2-2: Ball
3-2: Strikes out swinging
Top of the 8th over - 4 run(s), 4 hit(s), 0 error(s), 0 left on base; Atlantic City 4 - Glendale 5
BOTTOM OF THE 8TH
Glendale Herons batting - Pitching for Atlantic City Sonics : RHP Phil Durán
Batting: LHB Jerry Wilson 0-0: Foul Ball, location: 2F
0-1: Fly out, F7 (Line Drive, 78D)
Batting: RHB Héctor Moreno 0-0: Foul Ball, location: 2F
0-1: Ball
1-1: Ball
2-1: Called Strike
2-2: Strikes out swinging
Batting: SHB Yun-qi Chien 0-0: Called Strike
0-1: Foul Ball, location: 2F
0-2: Strikes out swinging
Bottom of the 8th over - 0 run(s), 0 hit(s), 0 error(s), 0 left on base; Atlantic City 4 - Glendale 5
TOP OF THE 9TH
Atlantic City Sonics batting - Pitching for Glendale Herons : RHP Ted Thompson
Pitching: LHP Nick Riviera
Now at C: Santiago Ramos
Now at 1B: José Rodríguez
Batting: RHB David Wooderson 0-0: Fly out, F4 (Line Drive, 4D)
Batting: RHB José Rodríguez 0-0: Ball
1-0: Fly out, F8 (Flyball, 78M)
Pinch Hitting: RHB Brady Bess 0-0: Foul Ball, location: 2F
0-1: Ball
1-1: Ball
2-1: Ball
3-1: Called Strike
3-2: Fly out, F9 (Flyball, 9LS)
Top of the 9th over - 0 run(s), 0 hit(s), 0 error(s), 0 left on base; Atlantic City 4 - Glendale 5
Wednesday, August 23rd, 2017 - OOTP Baseball 17.12 Build 75